 Dungeon Crawl Stone Soup version 0.25-a0-927-g39f137c8b7 (webtiles) character file.

Game seed: 16758993139581917448, levelgen mode: deterministic

6699 DildoBatman the Dealer of Despair (level 11, 0/77 HPs)
             Began as a Formicid Wizard on May 3, 2020.
             Was an Elder of Kikubaaqudgha.
             Engulfed by a cloud of flame (6 damage)
             ... on level 1 of the Orcish Mines.
             The game lasted 00:43:50 (11883 turns).

DildoBatman the Dealer of Despair (FoWz)           Turns: 11883, Time: 00:43:51

Health: 0/77       AC:  5    Str: 16    XL:     11   Next: 23%
Magic:  8/18       EV: 13    Int: 25    God:    Kikubaaqudgha [****..]
Gold:   684        SH:  0    Dex:  9    Spells: 0/20 levels left

rFire    . . .     SeeInvis +   a - +3 hand axe (elec)
rCold    . . .     Gourm    .   (no shield)
rNeg     . . .     Faith    .   u - +0 leather armour "Peoxkece" {*Drain rElec Slay+5}
rPois    .         Spirit   .   (helmet unavailable)
rElec    +         Reflect  .   (no cloak)
rCorr    .         Harm     .   R - +1 pair of gloves
MR       +....                  (no boots)
Stlth    ++........             (no amulet)
HPRegen  0.22/turn              q - +4 ring of intelligence
MPRegen  0.16/turn              f - +4 ring of strength

@: no status effects
A: permanent stasis, dig shafts and tunnels, four strong arms, antennae 3
a: Dig, Shaft Self, Receive Corpses, Renounce Religion


You were on level 1 of the Orcish Mines.
You worshipped Kikubaaqudgha.
Kikubaaqudgha was greatly pleased with you.
You were very hungry.

You visited 3 branches of the dungeon, and saw 12 of its levels.
You also visited: Sewer.

You collected 863 gold pieces.
You spent 179 gold pieces at shops.

Inventory:

Hand Weapons
 a - a +3 hand axe of electrocution (weapon)
 b - a +0 hunting sling
 e - a +0 whip of venom
 J - a +1 morningstar of holy wrath
 N - a +1 dagger of draining
 P - a +2 dagger of protection
 T - a +2 whip of venom
Missiles
 h - 150 arrows
 p - 115 stones
 t - 32 sling bullets
 y - 25 poisoned darts (quivered)
 G - a throwing net
 I - 23 bolts
Armour
 u - the +0 leather armour "Peoxkece" (worn) {*Drain rElec Slay+5}
   (You bought it in a shop on level 4 of the Dungeon)

   It affects your accuracy and damage with ranged weapons and melee attacks
   (+5).
   It insulates you from electricity.
   It causes draining when unequipped.
 L - a +0 kite shield
 R - a +1 pair of gloves (worn)
Jewellery
 d - an uncursed ring of protection from fire
 f - a +4 ring of strength (right hand)
 q - a +4 ring of intelligence (left hand)
 M - a +6 ring of strength
Wands
 j - a wand of iceblast (3)
 Q - a wand of flame (27)
Scrolls
 g - 7 scrolls of teleportation {unknown}
 i - a scroll of noise {unknown}
 k - a scroll of fear {unknown}
 m - 7 scrolls of fog {unknown}
 s - 3 scrolls of amnesia {unknown}
 x - 8 scrolls of remove curse
 z - 5 scrolls of identify
 A - a scroll of blinking {unknown}
 B - a scroll of summoning {unknown}
 D - 3 scrolls of random uselessness {unknown}
 E - a scroll of vulnerability {unknown}
 F - 2 scrolls of magic mapping {unknown}
 H - a scroll of immolation {unknown}
 K - a scroll of silence {unknown}
 S - 3 scrolls of enchant armour {unknown}
Potions
 c - a potion of ambrosia {unknown}
 l - 2 potions of magic {unknown}
 n - 2 potions of stabbing {unknown}
 o - 4 potions of curing
 r - 9 potions of flight
 C - 2 potions of mutation {unknown}
 O - a potion of brilliance {unknown}
Comestibles
 v - 22 rations


   Skills:
 - Level 4.2 Fighting
 - Level 4.1 Armour
 - Level 4.0 Dodging
 - Level 2.4 Stealth
 - Level 5.0 Spellcasting
 - Level 6.0 Conjurations
   Level 1.0 Summonings
 - Level 9.0 Necromancy
   Level 0.8 Translocations
 - Level 5.0 Fire Magic
 - Level 5.0 Air Magic
 * Level 5.1 Earth Magic


You couldn't memorise any spells.
You knew the following spells:

 Your Spells              Type           Power        Failure   Level  Hunger
a - Conjure Flame         Conj/Fire      ####....     3%          3    ##.....
b - Borgnjor's Vile Clut  Necr/Erth      #####.....   16%         5    #####..
c - Magic Dart            Conj           ####         1%          1    None
d - Animate Dead          Necr           N/A          2%          4    ####...
e - Mephitic Cloud        Conj/Pois/Air  ###.....     6%          3    ##.....
h - Dispel Undead         Necr           ######..     2%          4    ####...

Your spell library contained the following spells:

 Spells                   Type           Power        Failure   Level  Hunger
 Animate Skeleton         Necr           N/A          1%          1    None
 Pain                     Necr           ####         1%          1    None
 Sublimation of Blood     Necr           ######....   1%          2    None
 Vampiric Draining        Necr           ######....   1%          3    ##.....
 Agony                    Necr           ######..     7%          5    #####..
 Call Imp                 Summ           ##......     10%         2    None
 Slow                     Hex            #.......     14%         2    None
 Excruciating Wounds      Chrm/Necr      ####......   38%         5    #####..
 Blink                    Tloc           Unusable     N/A         2    N/A

Dungeon Overview and Level Annotations

Branches:
Dungeon (10/15)            Temple (1/1) D:4             Orc (1/2) D:10
  Sewer (visited)
   Lair: D:8-11

Altars:
Ashenzari
Cheibriados
Dithmenos
Elyvilon
Fedhas
Gozag
Hepliaklqana
Kikubaaqudgha
Makhleb
Nemelex Xobeh
Okawaru
Qazlal
Ru
Sif Muna
Trog
Uskayaw
Vehumet
Wu Jian
Xom
Yredelemnul
Zin
The Shining One

Shops:
D:4 ![*:   D:6 %   D:8 !


Innate Abilities, Weirdness & Mutations

You cannot be hasted, slowed, berserked, paralysed or teleported.
You can dig through walls and to a lower floor.
Your four strong arms can wield two-handed weapons with a shield.
You have a pair of large antennae on your head. (SInv)


Message History

Confirm with . or Enter, or press ? or * to list all spells.
The fire begins to smolder!
The warg is engulfed in blazing flames.
The warg barely misses you.
Casting: Conjure Flame (dangerous; 3% risk of failure)
Confirm with . or Enter, or press ? or * to list all spells.
The fire ignites!
You are engulfed in blazing flames.
The warg is engulfed in blazing flames.
The warg bites you!
Your +3 hand axe of electrocution stops crackling.
b - a +0 hunting sling (weapon)
You are engulfed in blazing flames.
The warg is engulfed in blazing flames.
The warg closely misses you.
You hear the crackle of electricity.
a - a +3 hand axe of electrocution (weapon)
You are engulfed in blazing flames.
You die...
Kikubaaqudgha rasps: "You have failed me!
Welcome... death!"

### ##.## #...#
#####.#######
.##...###.#.##
.............#
.##.......#.##
###......#### ###
###........### #@#
#.##....<....###h####
.........#....#...#.##
.......>.##......#...#
#................##.##
#...........##...##.##
##......#...###..#...#
.#...........##......##
.............##.....{.##.##


You could see a warg.

Vanquished Creatures
  A gargoyle (D:8)
  The ghost of Aaksess the Stinger, a novice NaVM of Vehumet (D:5)
  A troll (D:9)
  2 hippogriffs
  A wraith (D:8)
  4 yaks (D:9)
  Sigmund (D:5)
  A hungry ghost (D:9)
  2 wargs (Orc:1)
  2 orc warriors (D:9)
  2 sky beasts
  6 ogres
  2 black bears (D:7)
  3 ice beasts
  A phantom (D:7)
  3 centaurs
  A crocodile (D:10)
  2 big kobolds (D:9)
  A wyvern zombie (D:7)
  A bullfrog (D:7)
  An elf skeleton (D:8)
  5 scorpions
  A troll zombie (D:8)
  4 wights
  5 howler monkeys
  4 crimson imps
  A bullfrog zombie (D:6)
  A centaur zombie (D:8)
  4 lava snakes (D:10)
  A jelly (D:10)
  5 hounds
  2 human zombies (D:8)
  An orc priest (D:6)
  4 orc wizards
  3 centaur skeletons
  A human skeleton (D:8)
  4 iguanas
  9 worker ants
  A killer bee zombie (D:7)
  2 hound zombies
  A hound skeleton (D:4)
  5 mummies (D:8)
  2 worker ant zombies
  3 gnolls (D:4)
  A river rat (shapeshifter) (D:7)
  7 adders
  2 shadow imps (D:5)
  7 oozes
  An adder skeleton (D:9)
  11 worms
  A dart slug (D:4)
  6 leopard geckos
  19 orcs
  A bat zombie (D:2)
  9 giant cockroaches
  6 goblins
  6 hobgoblins
  8 jackals
  4 quokkas
  2 ball pythons (Sewer)
  A ball python skeleton (D:4)
  7 bats
  3 frilled lizards
  A frilled lizard (shapeshifter) (D:7)
  19 kobolds
  6 rats
  2 rat zombies (D:2)
238 creatures vanquished.

Notes
Turn   | Place    | Note
-------+----------+-------------------------------------------
     0 | D:1      | DildoBatman the Formicid Wizard began the quest for the
                  | Orb.
     0 | D:1      | Reached XP level 1. HP: 13/13 MP: 4/4
    84 | D:1      | Reached skill level 1 in Conjurations
   380 | D:1      | Reached XP level 2. HP: 6/19 MP: 3/6
   784 | D:1      | Reached XP level 3. HP: 24/24 MP: 4/7
   789 | D:1      | Learned a level 3 spell: Conjure Flame
   793 | D:1      | Learned a level 3 spell: Mephitic Cloud
  1316 | D:2      | Found an ornate altar of the Wu Jian Council.
  1480 | D:2      | Found an ancient bone altar of Kikubaaqudgha.
  1490 | D:2      | Became a worshipper of Kikubaaqudgha
  1539 | D:2      | Noticed an ogre
  1550 | D:2      | Found a sacrificial altar of Ru.
  1832 | D:2      | Reached XP level 4. HP: 19/30 MP: 0/8
  2519 | D:2      | Killed an ogre
  2519 | D:2      | Reached XP level 5. HP: 35/35 MP: 6/9
  2729 | D:3      | Reached XP level 6. HP: 41/41 MP: 3/10
  2987 | D:3      | Found an iron altar of Okawaru.
  3161 | D:4      | Reached skill level 5 in Conjurations
  3189 | D:4      | Reached skill level 1 in Fire Magic
  3202 | D:4      | Reached skill level 1 in Air Magic
  3300 | D:4      | Noticed an ogre
  3359 | D:4      | Killed an ogre
  3482 | D:4      | Reached XP level 7. HP: 46/46 MP: 8/11
  3712 | D:4      | Reached * piety under Kikubaaqudgha
  3712 | D:4      | Identified Kikubaaqudgha's Volume of Black Secrets
                  | (Kikubaaqudgha gifted it to you on level 4 of the Dungeon)
  3712 | D:4      | Received a gift from Kikubaaqudgha
  3818 | D:4      | Found a staircase to the Ecumenical Temple.
  3863 | Temple   | Entered the Ecumenical Temple
  3957 | D:4      | Found Pinnonk's Armour Boutique.
  4063 | D:4      | Noticed a moth of wrath
  4065 | D:4      | Found a bloodstained altar of Trog.
  4378 | D:4      | Found Teolip's Distillery.
  4396 | D:4      | Reached XP level 8. HP: 47/52 MP: 8/12
  4509 | D:4      | Found Coserch's Book Emporium.
  4548 | D:4      | Found Dopuarch's Assorted Antiques.
  4596 | D:4      | Bought a fine leather armour for 147 gold pieces
  4608 | D:4      | Identified the +0 leather armour "Peoxkece" {*Drain rElec
                  | Slay+5} (You bought it in a shop on level 4 of the Dungeon)
  4676 | D:4      | Bought a viscous amethyst potion for 18 gold pieces
  4710 | D:5      | Entered Level 5 of the Dungeon
  4825 | D:5      | Noticed Sigmund
  4915 | D:5      | Killed Sigmund
  5001 | D:5      | Reached ** piety under Kikubaaqudgha
  5259 | D:5      | Found a runed translucent door.
  5259 | D:5      | Noticed Aaksess's ghost (novice NaVM)
  5572 | D:6      | Reached skill level 5 in Fire Magic
  5624 | D:6      | Found a glowing drain.
  5679 | Sewer    | Entered a sewer
  6426 | D:6      | Reached skill level 5 in Air Magic
  6426 | D:6      | Reached XP level 9. HP: 44/57 MP: 10/13
  6472 | D:6      | Reached skill level 1 in Fighting
  6472 | D:6      | Reached skill level 1 in Armour
  6742 | D:6      | Found Ekhy's Food Emporium.
  7220 | D:7      | Found a blossoming altar of Fedhas.
  7280 | D:7      | Noticed a hippogriff
  7659 | D:7      | Killed a hippogriff
  7686 | D:7      | Reached *** piety under Kikubaaqudgha
  7686 | D:7      | Identified Kikubaaqudgha's Handbook of Evil Arts
                  | (Kikubaaqudgha gifted it to you on level 7 of the Dungeon)
  7686 | D:7      | Received a gift from Kikubaaqudgha
  7693 | D:7      | Reached skill level 1 in Necromancy
  7712 | D:7      | Reached skill level 2 in Necromancy
  7720 | D:7      | Learned a level 5 spell: Borgnjor's Vile Clutch
  7728 | D:7      | Found a shimmering blue altar of Sif Muna.
  7737 | D:7      | Found a shimmering altar of Xom.
  7754 | D:7      | Found a shimmering altar of Xom.
  7754 | D:7      | Found a shimmering altar of Xom.
  7756 | D:7      | Found a shimmering altar of Xom.
  7785 | D:7      | Found a shimmering altar of Xom.
  7975 | D:7      | Found a shimmering altar of Xom.
  8115 | D:8      | Reached XP level 10. HP: 72/72 MP: 9/15
  8454 | D:8      | Reached skill level 3 in Necromancy
  8508 | D:8      | Noticed a gargoyle
  8633 | D:8      | Killed a gargoyle
  8789 | D:8      | Reached skill level 4 in Necromancy
  8969 | D:8      | Reached skill level 5 in Spellcasting
  9044 | D:8      | Learned a level 4 spell: Dispel Undead
  9058 | D:8      | Found a basalt altar of Yredelemnul.
  9109 | D:8      | Reached skill level 5 in Necromancy
  9374 | D:8      | Found Hecam's Distillery.
  9377 | D:8      | Bought a potion of degeneration for 14 gold pieces
  9815 | D:5      | Killed Aaksess's ghost
  9815 | D:5      | Reached skill level 6 in Necromancy
 10243 | D:9      | Reached skill level 7 in Necromancy
 10373 | D:9      | Reached skill level 8 in Necromancy
 10597 | D:9      | Reached XP level 11. HP: 27/77 MP: 4/18
 10632 | D:9      | Reached **** piety under Kikubaaqudgha
 10704 | D:9      | Reached skill level 9 in Necromancy
 10995 | D:10     | Entered Level 10 of the Dungeon
 10999 | D:10     | Reached skill level 1 in Earth Magic
 11429 | D:10     | Found a staircase to the Orcish Mines.
 11626 | D:10     | Learned a level 4 spell: Animate Dead
 11636 | Orc:1    | Entered Level 1 of the Orcish Mines
 11877 | Orc:1    | Reached skill level 5 in Earth Magic
 11883 | Orc:1    | Engulfed by a cloud of flame

Levels and vault maps discovered:
D:1:      nicolae_arrival_memento_mori, layout_basic, minivault_14, minivault_19
D:2:      layout_basic, lemuel_zombie_altar_kikubaaqudgha,
          overflow_temple_1_default, nicolae_overflow_crystal_walls
D:3:      layout_basic, minmay_misc_feat_doors, okawaru_gym_becter
D:4:      layout_gridville, tgw_trog, minmay_temple_entry_offerings,
          serial_shops, kennysheep_mini_moat, shop,
          nicolae_shop_overgrown_old_shop, nicolae_shop_trees
D:5:      layout_basic, gammafunk_ghost_grave, first_ration, uniq_sigmund
D:6:      layout_loops_corners, serial_shops, shop, cheibrodos_sewer_entry_drain
D:7:      layout_loops_ring, old_standard_altar, old_standard_altar,
          grunt_ogre_cave, xom_shifter_show
D:8:      layout_loops_corners, lemuel_mausoleum_altar_yredelemnul,
          serial_shops, kennysheep_mini
D:9:      wad_pebble_path, layout_loops_ring
D:10:     layout_big_octagon
Temple:   zaba_magenta_temple
Orc:1:    layout_caves

Skill      XL: |  1  2  3  4  5  6  7  8  9 10 11 |
---------------+----------------------------------+-----
Conjurations   | 1 2 3 4 5 6 |  6.0
Fire Magic     | 2 3 5 |  5.0
Air Magic      | 1 2 5 |  5.0
Fighting       | 4 |  4.2
Armour         | 4 |  4.1
Dodging        | 4 |  4.0
Necromancy     | 2 8 9 |  9.0
Spellcasting   | 5 |  5.0
Earth Magic    | 5 |  5.1
Stealth        | |  2.4
Summonings     | |  1.0
Translocations | |  0.8

Action                   |  1- 3 |  4- 6 |  7- 9 | 10-12 || total
-------------------------+-------+-------+-------+-------++-------
Melee: Unarmed           |     3 |       |       |       ||     3
       Whip              |    11 |    12 |    26 |       ||    49
       Hunting sling     |       |       |     1 |     1 ||     2
       Hand axe          |       |       |   118 |    78 ||   196
 Fire: Hunting sling     |       |    52 |    91 |   216 ||   359
Throw: Stone             |       |       |     1 |       ||     1
 Cast: Magic Dart        |    89 |    40 |   111 |    74 ||   314
       Mephitic Cloud    |       |    10 |    31 |    17 ||    58
       Conjure Flame     |       |     1 |    18 |    53 ||    72
       Dispel Undead     |       |       |       |     2 ||     2
 Abil: Dig               |     2 |     4 |    11 |     6 ||    23
  Use: Scroll            |       |     2 |     3 |       ||     5
       Potion            |       |       |     1 |       ||     1
 Stab: Confused          |       |       |     5 |     1 ||     6
  Eat: Chunk             |     3 |     2 |    20 |    10 ||    35
       Ration            |       |     1 |       |     1 ||     2
Armor: Robe              |     1 |     2 |     2 |       ||     5
       Leather armour    |       |       |    40 |     9 ||    49
Dodge: Dodged            |    12 |     6 |   114 |    82 ||   214

Table legend:
 A = Non-vault XP
 B = Vault XP
 C = Vault XP percentage of total XP
 D = Non-vault monster count
 E = Vault monster count
 F = Vault count percentage of total count
                 A         B        C        D         E       F
            +---------+---------+-------+---------+---------+-------
      Total |    8120 |    1451 |  15.2 |     188 |      50 |  21.0
            +---------+---------+-------+---------+---------+-------
        D:1 |      34 |       0 |   0.0 |      19 |       0 |   0.0
        D:2 |     170 |       4 |   2.3 |      14 |       3 |  17.6
        D:3 |      93 |       0 |   0.0 |      14 |       0 |   0.0
        D:4 |     705 |      21 |   2.9 |      21 |       5 |  19.2
        D:5 |     586 |     612 |  51.1 |      25 |       2 |   7.4
        D:6 |     647 |      10 |   1.5 |      12 |       2 |  14.3
        D:7 |    1108 |     115 |   9.4 |      13 |       3 |  18.8
        D:8 |     998 |     617 |  38.2 |      11 |      12 |  52.2
        D:9 |    2713 |       0 |   0.0 |      36 |       0 |   0.0
       D:10 |     725 |       0 |   0.0 |      21 |       0 |   0.0
      Orc:1 |     341 |       0 |   0.0 |       2 |       0 |   0.0
      Sewer |       0 |      72 | 100.0 |       0 |      23 | 100.0
            +---------+---------+-------+---------+---------+-------
